 Dungeon Crawl Stone Soup version 0.19.0-11-g3fc08b3 (webtiles) character file.

25 shinino the Skirmisher (level 3, 0/31 HPs)
             Began as a Hill Orc Wizard on Nov 8, 2016.
             Slain by a jackal (1 damage)
             ... on level 1 of the Dungeon.
             The game lasted 00:02:13 (1493 turns).

shinino the Skirmisher (Hill Orc Wizard)            Turns: 1493, Time: 00:02:14

Health: 0/31       AC:  2    Str: 10    XL:     3   Next: 6%
Magic:  6/6        EV: 12    Int: 23    God:
Gold:   22         SH:  0    Dex:  9    Spells: 1 memorised, 5 levels left

rFire  . . .     SeeInvis .     g - +0 short sword
rCold  . . .     Gourm    .     j - +0 robe (curse)
rNeg   . . .     Faith    .     (no shield)
rPois  .         Spirit   .     b - +0 hat
rElec  .         Reflect  .     (no cloak)
rCorr  .         Harm     .     (no gloves)
MR     .....                    (no boots)
Stlth  ++........               (no amulet)
                                (no ring)
                                (no ring)

@: brilliant
A: no striking features
a: no special abilities


You were on level 1 of the Dungeon.
You were not hungry.

You visited 1 branch of the dungeon, and saw 1 of its levels.

You collected 22 gold pieces.

Inventory:

Hand Weapons
 g - a +0 short sword (weapon)
Armour
 b - a +0 hat (worn)
 j - a cursed +0 robe (worn)
Scrolls
 e - 2 scrolls of remove curse {unknown}
 i - a scroll of fog {unknown}
Books
 c - a book of Minor Magic

   Spells                             Type                      Level
   a - Magic Dart                     Conjuration                  1
   b - Blink                          Translocation                2
   c - Call Imp                       Summoning                    2
   d - Repel Missiles                 Charms/Air                   2
   e - Slow                           Hexes                        2
   f - Conjure Flame                  Conjuration/Fire             3
   g - Mephitic Cloud                 Conjuration/Poison/Air       3
Comestibles
 a - a chunk of flesh
 d - a bread ration


   Skills:
 + Level 3.1 Fighting
 - Level 1.5 Dodging
 - Level 1.5 Stealth
 - Level 2.4 Spellcasting
 - Level 1.0 Conjurations
   Level 1.0 Summonings
   Level 0.7 Translocations


You had 5 spell levels left.
You knew the following spells:

 Your Spells              Type           Power        Failure   Level  Hunger
a - Magic Dart            Conj           ###.         1%          1    None


Dungeon Overview and Level Annotations

Branches:
Dungeon (1/15)

Altars:


Message History

The jackal bites you.
* * * LOW HITPOINT WARNING * * *
You barely miss the jackal. The jackal closely misses you.
The jackal bites you.
* * * LOW HITPOINT WARNING * * *
You closely miss the jackal. The jackal bites you.
* * * LOW HITPOINT WARNING * * *
You closely miss the jackal. The jackal closely misses you.
The jackal barely misses you.
You barely miss the jackal. The jackal bites you.
* * * LOW HITPOINT WARNING * * *
You completely miss the jackal.
The jackal bites you but does no damage. x2
You closely miss the jackal.
The jackal bites you but does no damage.
You completely miss the jackal. The jackal misses you. x2
You barely miss the jackal. The jackal barely misses you.
You closely miss the jackal. The jackal closely misses you. x2
You hit the jackal but do no damage. The jackal bites you.
You die...

#.##.###.#####.##
#.##.###.# #.# #....>...#
.# ####.##### +# ###.#
#.# ... ....# #.# .h..
###.# ##.## .....
....########...####......
................@hg......
.##.########...####......
....# #...# ..... #####
##.## .... # #.# ... #
..# +# # ### # #


You could see a jackal and a hobgoblin.

Vanquished Creatures
  A leopard gecko (D:1)
  2 goblins (D:1)
  3 hobgoblins (D:1)
  3 jackals (D:1)
  4 bats (D:1)
  2 frilled lizards (D:1)
  3 kobolds (D:1)
  5 rats (D:1)
23 creatures vanquished.

Notes
Turn   | Place    | Note
-------+----------+-------------------------------------------
     0 | D:1      | shinino the Hill Orc Wizard began the quest for the Orb.
     0 | D:1      | Reached XP level 1. HP: 14/14 MP: 3/3
   258 | D:1      | Reached skill level 1 in Fighting
   449 | D:1      | Reached skill level 2 in Fighting
   449 | D:1      | Reached XP level 2. HP: 23/24 MP: 5/5
  1457 | D:1      | Reached skill level 3 in Fighting
  1462 | D:1      | Reached XP level 3. HP: 23/31 MP: 6/6
  1484 | D:1      | HP: 3/31 [jackal (1)]
  1487 | D:1      | HP: 1/31 [jackal (1)]
  1493 | D:1      | Slain by a jackal

Skill      XL: |  1  2 |
---------------+-------+-----
Fighting       | 2 3 |  3.1
Dodging        | |  1.5
Stealth        | |  1.5
Spellcasting   | |  2.4
Conjurations   | |  1.0
Summonings     | |  1.0
Translocations | |  0.7

Action                   || total
-------------------------++-------
Melee: Unarmed           ||    17
       Short sword       ||   107
  Use: Potion            ||     2
 Stab: Sleeping          ||     1
  Eat: Chunk             ||     2
Armor: Robe              ||    27
Dodge: Dodged            ||    89
